 Dungeon Crawl Stone Soup version 0.18-a0-965-g9200175 (webtiles) character file.

118 Yawgmoth the Digger (level 5, -6/28 HPs)
             Began as a Gargoyle Earth Elementalist on Jan 1, 2016.
             Killed by divine providence
             ... invoked by an orc priest
              (13 damage)
             ... on level 2 of the Dungeon.
             The game lasted 00:12:58 (3552 turns).

Yawgmoth the Digger (Gargoyle Earth Elementalist)   Turns: 3552, Time: 00:12:59

Health: -6/28      AC:  9    Str: 12    XL:     5   Next: 2%
Magic:  0/10       EV: 12    Int: 16    God:
Gold:   99         SH:  0    Dex: 10    Spells: 1 memorised, 9 levels left

rFire  . . .     SeeInvis .     s - +0 short sword
rCold  . . .     Gourm    .     a - +0 robe
rNeg   + + .     Faith    .     (no shield)
rPois  ∞         Spirit   .     (no helmet)
rElec  +         Dismiss  .     (no cloak)
rCorr  .         Reflect  .     q - +0 pair of gloves
SustAt .         Harm     .     (no boots)
MR     .....                    (no amulet)
Stlth  ++........               i - ring of positive energy
                                f - +2 ring of protection

@: not resistant to hostile enchantments, unstealthy
A: negative energy resistance 1, electricity resistance, unbreathing,
petrification resistance, rot immunity, AC +4
a: no special abilities


You were on level 2 of the Dungeon.
You were near starving.

You visited 1 branch of the dungeon, and saw 3 of its levels.

You collected 99 gold pieces.

Inventory:

Hand Weapons
 g - a +0 club
 s - a +0 short sword (weapon)
Missiles
 b - 15 stones (quivered)
Armour
 a - a +0 robe (worn)
 q - a +0 pair of gloves (worn)
Jewellery
 f - a +2 ring of protection (left hand)
 i - a ring of positive energy (right hand)
Wands
 t - a wand of hasting (5/9)
Scrolls
 h - 2 scrolls of remove curse
 k - a scroll of blinking {unknown}
 m - 2 scrolls of random uselessness {unknown}
 o - 2 scrolls of enchant weapon {unknown}
 u - 3 scrolls of identify {unknown}
Potions
 e - a potion of beneficial mutation {unknown}
 j - a potion of degeneration {unknown}
 n - a potion of poison {unknown}
 r - 2 potions of heal wounds {unknown}
 v - 2 potions of haste {unknown}
Books
 c - a book of Geomancy

   Spells                             Type                      Level
   a - Sandblast                      Earth                        1
   b - Stoneskin                      Transmutation/Earth          2
   c - Passwall                       Transmutation/Earth          3
   d - Stone Arrow                    Conjuration/Earth            3
   e - Petrify                        Transmutation/Earth          4
   f - Lee's Rapid Deconstruction     Earth                        5
Comestibles
 d - 2 bread rations
 l - 2 beef jerkies


   Skills:
 - Level 1.6 Dodging
 - Level 2.2 Stealth
 + Level 3.3 Spellcasting
   Level 0.7 Transmutations
 + Level 5.4 Earth Magic


You had 9 spell levels left.
You knew the following spells:

 Your Spells              Type           Power        Failure   Level  Hunger
a - Sandblast             Erth           ###...       1%          1    None


Dungeon Overview and Level Annotations

Branches:
Dungeon (3/15)

Altars:

Annotations:
D:3 Yawgmoth's ghost, amateur GrWz


Innate Abilities, Weirdness & Mutations

You are resistant to torment.
Your stone body is resilient (AC +4).
You are immune to poison.
You resist negative energy.
You are resistant to electric shocks.
You can survive without breathing.
You are immune to petrification.
You are immune to rotting.


Message History

You closely miss the orc priest.
The orc priest is severely wounded.
The orc priest calls down the wrath of Beogh upon you.
Pain shoots through your body!
You hit the orc priest.
The orc priest is severely wounded.
The orc priest hits you but does no damage.
You hit the orc priest.
The orc priest is severely wounded.
The orc priest hits you with a hand axe.
* * * LOW HITPOINT WARNING * * *
You are too injured to fight recklessly!
You barely miss the orc priest.
The orc priest is severely wounded.
The orc priest closely misses you.
You hit the orc priest but do no damage.
The orc priest is severely wounded.
The orc priest calls down the wrath of Beogh upon you.
Something smites you!
You die...

#############.#
#.....%.......#
#.###########.#
####.# #.# .....#
#.# ###..# #.#
###..# #.#
..#..###########o#
................@#
#.#..#############
#.#..# #<#..#
#.#..# ..#..#
#.#..########
#.#.........#
#.#.#######.#


You could see an orc priest.

Vanquished Creatures
  5 adders
  4 worms
  3 giant geckos (D:2)
  9 bats
  4 giant cockroaches
  3 goblins
  7 hobgoblins
  A jackal (D:2)
  3 ball pythons (D:2)
  2 giant newts
  11 kobolds
  7 rats
59 creatures vanquished.

Notes
Turn   | Place    | Note
--------------------------------------------------------------
     0 | D:1      | Yawgmoth the Gargoyle Earth Elementalist began the quest for the Orb.
     0 | D:1      | Reached XP level 1. HP: 10/10 MP: 3/3
   280 | D:1      | Reached skill level 4 in Earth Magic
   299 | D:1      | Reached XP level 2. HP: 15/15 MP: 0/5
  1110 | D:1      | Reached XP level 3. HP: 17/19 MP: 6/6
  1725 | D:2      | Reached XP level 4. HP: 24/24 MP: 0/8
  2043 | D:2      | Reached skill level 5 in Earth Magic
  3173 | D:3      | Reached XP level 5. HP: 28/28 MP: 7/9
  3175 | D:3      | Noticed Yawgmoth's ghost (amateur GrWz)
  3552 | D:2      | Killed from afar by an orc priest

Vault maps used:
D:1:      lemuel_arrival_behind_the_door_small, minmay_liquid_box, st_stairs_4,
          roderic_roman_lattice, hangedman_glass_teeth

Action                   |  1- 3 |  4- 6 || total
-------------------------+-------+-------++-------
Melee: Club              |     2 |       ||     2
       Short sword       |    13 |     8 ||    21
Throw: Stone             |     6 |     9 ||    15
 Cast: Sandblast         |    65 |    74 ||   139
  Use: Scroll            |       |     1 ||     1
  Eat: Chunk             |     3 |     4 ||     7
